Map: Shrines of Lizul

Players

neolja

  • Race: Terran Terran
  • Spawn Location: 9:00

MrSabroso

  • Race: Protoss Protoss
  • Spawn Location: 6:00

Yata - Winner!

  • Race: Zerg Zerg
  • League: Silver
  • Spawn Location: 12:00

Myhome - Winner!

  • Race: Terran Terran
  • League: Diamond
  • Spawn Location: 3:00

VOD

Have the link to the VOD?

Description

Time

  • Played on: Aug. 27, 2017, 10:03 p.m.
  • Length: 11:41
Show
View Real Time Build Order
Export as new Build Order

neolja Terran 

Build Orders:  

Get SALT Encoding   

  12  0:01  SCV  
  13  0:13  SCV  
  14  0:19  Supply Depot  
  14  0:25  SCV  
  15  0:29  Refinery  
  15  0:42  Barracks  
  15  0:46  SCV  
  16  0:58  SCV  
  16  1:02  Engineering Bay  
  17  1:10  SCV  
  18  1:15  Refinery  
  18  1:22  SCV  
  19  1:30  Reaper  
  20  1:36  Orbital Command  
  20  1:54  Factory  
  20  2:02  Marine  
  21  2:13  Factory  
  21  2:20  Missile Turret  
  21  2:42  Supply Depot  
  21  2:59  Armory  
  21  3:03  Supply Depot  
  21  3:05  Factory Tech Lab  
  21  3:06  Factory Tech Lab  
  21  3:09  Supply Depot  
  24  3:27  Siege Tank x2  
  24  3:28  SCV  
  28  3:40  SCV  
  29  3:59  Siege Tank  
  32  4:11  Hellbat  
  36  4:31  Hellbat  
  36  4:32  Hellbat  
  39  4:53  Hellbat, Siege Tank  
  42  5:02  Marine  
  43  5:13  Widow Mine  
  45  5:16  Missile Turret  
  45  5:20  Marine  
  46  5:38  Marine  
  47  5:46  Widow Mine  
  47  5:52  Widow Mine  
  47  6:04  Marine  
  46  6:22  Marine  
  42  6:47  Thor  
  44  7:33  Command Center  
  42  8:19  Command Center  
Show
View Real Time Build Order
Export as new Build Order

MrSabroso Protoss 

Build Orders:  

Get SALT Encoding   

  12  0:03  Probe (Chrono Boost)  
  13  0:13  Probe (Chrono Boost)  
  14  0:23  Pylon  
  14  0:29  Probe (Chrono Boost)  
  15  0:42  Forge  
  15  0:47  Gateway  
  15  0:55  Assimilator  
  15  0:59  Assimilator  
  15  1:02  Probe (Chrono Boost)  
  16  1:13  Pylon  
  16  1:29  Photon Cannon  
  16  1:40  Cybernetics Core  
  16  1:43  Probe (Chrono Boost)  
  17  1:55  Photon Cannon  
  17  2:08  Probe (Chrono Boost)  
  18  2:19  Probe (Chrono Boost)  
  19  2:26  Stargate  
  19  2:36  Stargate  
  19  3:09  Void Ray (Chrono Boost)  
  27  3:27  Void Ray (Chrono Boost)  
  27  3:30  Pylon  
  27  3:55  Void Ray (Chrono Boost)  
  35  4:32  Pylon  
  35  4:33  Void Ray (Chrono Boost)  
  35  4:54  Void Ray (Chrono Boost)  
  28  6:21  Void Ray (Chrono Boost)  
  30  8:51  Pylon  
  30  8:55  Pylon  
  30  8:56  Pylon  
  30  9:09  Probe  
  26  9:58  Void Ray (Chrono Boost)  
  26  10:04  Pylon  
  26  10:09  Void Ray (Chrono Boost)  
  26  10:12  Pylon  
  26  10:30  Probe  
  27  10:41  Photon Cannon  
  27  10:43  Photon Cannon, Probe  
  28  10:55  Probe  
Show
View Real Time Build Order
Export as new Build Order

Yata Zerg - Winner!

Build Orders: Pool First 

Get SALT Encoding   

  12  0:01  Drone  
  13  0:13  Overlord  
  13  0:18  Drone  
  14  0:31  Drone x2  
  14  0:35  Drone  
  17  0:48  Spawning Pool  
  16  0:50  Drone  
  17  1:04  Drone  
  17  1:05  Extractor  
  17  1:10  Drone  
  18  1:28  Drone  
  18  1:29  Drone  
  20  1:37  Hatchery  
  20  1:38  Queen  
  21  1:52  Zergling x2  
  22  1:55  Overlord  
  22  2:15  Queen  
  22  2:19  Drone  
  22  2:20  Drone  
  26  2:32  Zergling x2  
  27  2:46  Metabolic Boost  
  27  2:49  Zergling x6  
  30  2:55  Queen  
  32  2:59  Drone x3  
  35  3:09  Extractor  
  35  3:11  Lair  
  34  3:17  Drone  
  34  3:19  Evolution Chamber  
  34  3:23  Drone  
  35  3:37  Drone  
  36  3:56  Overlord  
  36  3:57  Overlord x3  
  36  4:04  Zerg Missile Weapons Level 1  
  36  4:14  Queen  
  38  4:18  Hydralisk Den  
  38  4:19  Queen  
  39  4:41  Drone  
  40  4:50  Queen  
  40  4:55  Queen  
  42  5:02  Overlord x3  
  42  5:05  Hydralisk  
  42  5:21  Hydralisk  
  42  5:26  Queen  
  41  5:31  Hydralisk  
  41  5:32  Hydralisk  
  43  5:45  Zergling x8  
  34  6:00  Zergling x6  
  33  6:09  Spawning Pool  
  26  6:45  Drone x2  
  26  6:46  Drone x8  
  24  6:55  Hatchery  
  15  8:10  Drone  
  16  8:27  Spawning Pool  
  15  8:32  Hydralisk  
  17  8:39  Hydralisk  
  2  10:37  Hatchery  
  1  11:35  Hatchery  
Show
View Real Time Build Order
Export as new Build Order

Myhome Terran - Winner!

Build Orders: MMM Bio 

Get SALT Encoding   

  12  0:01  SCV  
  13  0:14  SCV  
  14  0:18  Supply Depot  
  14  0:26  SCV  
  15  0:40  SCV  
  15  0:41  Barracks  
  16  0:48  Refinery  
  16  0:53  SCV  
  17  1:05  SCV  
  18  1:17  SCV  
  19  1:29  SCV  
  19  1:30  Bunker  
  20  1:34  Supply Depot  
  20  1:43  Orbital Command  
  20  1:46  Reaper  
  21  2:13  Command Center  
  21  2:15  SCV  
  22  2:20  Refinery  
  22  2:31  Barracks Reactor  
  22  2:35  SCV  
  22  2:36  Factory  
  23  2:47  SCV  
  24  3:00  SCV  
  25  3:06  Supply Depot  
  25  3:10  Barracks x2, Marine x2  
  28  3:12  SCV  
  28  3:20  Engineering Bay  
  28  3:21  Factory Tech Lab  
  28  3:29  SCV  
  28  3:31  Marine x2  
  31  3:50  Marine x2  
  33  4:03  Marine  
  33  4:06  Barracks Tech Lab  
  33  4:07  Marine, SCV  
  36  4:12  Missile Turret  
  36  4:15  Marine, Missile Turret  
  37  4:19  Orbital Command, SCV, Missile Turret  
  37  4:21  Marine  
  39  4:27  Marine x2  
  39  4:31  SCV  
  42  4:32  Stimpack  
  42  4:34  Marine  
  43  4:44  Marine  
  44  4:46  Marine  
  44  4:48  Starport  
  45  4:53  Marine x2  
  45  4:55  SCV  
  48  5:02  Marine  
  48  5:04  Marine  
  50  5:10  Marine  
  50  5:11  Marine  
  50  5:13  SCV  
  50  5:14  SCV  
  54  5:44  Supply Depot  
  54  5:45  Supply Depot x2  
  54  5:51  Terran Infantry Weapons Level 1  
  54  5:52  Medivac, Marine x4  
  59  6:10  Marine x4  
  63  6:22  Medivac  
  64  6:28  Marine x4  
  64  6:31  Siege Tank  
  64  6:32  Combat Shields  
  68  6:45  Marine x2  
  68  6:46  Marine x2  
  71  6:52  Medivac  
  66  7:03  Marine x4  
  66  7:07  SCV x2  
  66  7:21  Reaper, Marine x3  
  68  7:36  Barracks  
  68  7:37  Barracks x2  
  68  7:39  Barracks, Marine x3  
  68  7:40  Barracks  
  71  7:46  Terran Infantry Armor Level 1  
  64  7:53  Marine  
  64  7:57  Marine x3  
  68  8:11  Marine  
  69  8:15  Marine x3  
  72  8:23  Medivac  
  72  8:24  Marine x3  
  77  8:29  Marine  
  77  8:32  Marine x3  
  77  8:33  Marine x2  
  83  8:36  Siege Tank  
  86  8:43  SCV x2, Marine x3  
  86  8:47  Marine  
  92  8:50  Marine x3  
  92  8:51  Marine x2  
  92  8:53  Medivac  
  90  9:00  Marine x3  
  93  9:09  Marine x2  
  95  9:18  Marine x3  
  98  9:26  Marine x2  
  100  9:36  Marine x3  
  102  9:44  Marine x2  
  100  9:54  Marine x2  
  102  10:23  Marine x5  
  102  10:26  Supply Depot  
  102  10:28  Supply Depot  
  107  10:29  Supply Depot  
  104  10:41  Marine x4  
  107  10:51  Marine  
  106  10:59  Marine x3  
  106  11:01  Marine  
  101  11:09  Marine  
  100  11:17  Marine x3  
  103  11:20  Marine  
Tags
 
Add a new tag
Caveats
  • Supply blocks, unpowered buildings, or Contaminate may cause inaccurate times.
  • Supply counts are checked every 10 seconds.